 Dungeon Crawl Stone Soup version 0.19.0-2-gae57169 (webtiles) character file.

205 scalarboson the Vandal (level 5, -5/38 HPs)
             Began as a Demonspawn Hunter on Nov 6, 2016.
             Slain by a mummy (16 damage)
             ... in an ossuary.
             The game lasted 00:06:24 (2826 turns).

scalarboson the Vandal (Demonspawn Hunter)          Turns: 2826, Time: 00:06:25

Health: -5/38      AC:  3    Str: 11 (13) XL:     5   Next: 52%
Magic:  5/5        EV:  9    Int: 11 (12) God:
Gold:   204        SH:  6    Dex: 14      Spells: 0 memorised, 4 levels left

rFire  . . .     SeeInvis .     a - +2 hunting sling
rCold  + . .     Gourm    .     c - +0 leather armour
rNeg   . . .     Faith    .     n - +0 shield
rPois  .         Spirit   .     (helmet restricted)
rElec  .         Reflect  .     (no cloak)
rCorr  .         Harm     .     (no gloves)
MR     .....                    (no boots)
Stlth  ++........               (no amulet)
                                (no ring)
                                (no ring)

@: exhausted, slowed, very slow
A: antennae 1, talons 1, cold resistance 1, nightstalker 1
a: no special abilities


You were in an ossuary.
You were very hungry.

You visited 1 branch of the dungeon, and saw 4 of its levels.
You also visited: Ossuary.

You collected 204 gold pieces.

Inventory:

Hand Weapons
 a - a +2 hunting sling (weapon)
 b - a +0 short sword
Missiles
 j - 46 stones (quivered)
Armour
 c - a +0 leather armour (worn)
 n - a +0 shield (worn)
Wands
 m - a wand of random effects (21/48)
Scrolls
 k - a scroll of amnesia
 r - 3 scrolls of identify
Potions
 d - 2 potions of brilliance {unknown}
 l - a potion of curing
Comestibles
 f - 4 bread rations
 h - 3 meat rations
 i - 2 beef jerkies
 o - 2 slices of pizza
 p - 2 chunks of flesh


   Skills:
 - Level 2.0 Fighting
 + Level 6.2 Slings
 - Level 1.7 Dodging
 - Level 0.8 Stealth


You had 4 spell levels left.
You didn't know any spells.

Dungeon Overview and Level Annotations

Branches:
Dungeon (4/15)
 Temple: D:4-7

Altars:
Cheibriados
Gozag


Innate Abilities, Weirdness & Mutations

You have a pair of small antennae on your head.
You have sharp toenails.
Your flesh is cold resistant. (rC+)
You are slightly more attuned to the shadows.


Message History

You are too injured to fight recklessly!
You are too injured to fight recklessly!
You are too injured to fight recklessly!
You are too injured to fight recklessly!
You are too injured to fight recklessly!
Unknown command.
It was a potion of berserk rage.
A red film seems to cover your vision as you go berserk!
You feel yourself moving faster!
You feel mighty!
You are too berserk!
You feel a strong urge to attack something.
The mummy misses you.
You see here 5 stones.
You see here a stone.
You are too berserk!
You are too berserk!
You feel your anger subside.
You are no longer berserk.
You are exhausted.
You feel yourself slow down. The mummy barely misses you. The mummy hits you!
You die...

####
######((#
#....(@##
+.∩.∩MM.#
#......##
######..#
####


You could see 2 mummies.

Vanquished Creatures
  2 hounds
  A bullfrog skeleton (D:4)
  A mummy (Ossuary)
  An ooze (D:2)
  An adder skeleton (D:4)
  2 worms
  A dart slug (D:3)
  3 leopard geckos
  An orc (D:3)
  3 ball pythons
  2 giant cockroaches
  10 goblins
  4 hobgoblins
  4 jackals (D:1)
  4 kobolds
  9 bats
  3 frilled lizards
  41 rats
93 creatures vanquished.

Notes
Turn   | Place    | Note
-------+----------+-------------------------------------------
     0 | D:1      | scalarboson the Demonspawn Hunter began the quest for the Orb.
     0 | D:1      | Reached XP level 1. HP: 16/16 MP: 1/1
    98 | D:1      | Reached skill level 4 in Slings
   100 | D:1      | Gained mutation: You are slightly more attuned to the shadows. [demonic ancestry]
   100 | D:1      | Reached XP level 2. HP: 19/22 MP: 2/2
   893 | D:2      | Gained mutation: Your flesh is cold resistant. (rC+) [demonic ancestry]
   893 | D:2      | Reached XP level 3. HP: 27/27 MP: 3/3
  1317 | D:2      | Reached skill level 5 in Slings
  1462 | D:2      | Gained mutation: You have sharp toenails. [demonic ancestry]
  1462 | D:2      | Reached XP level 4. HP: 33/33 MP: 4/4
  2079 | D:3      | Found an opulent altar of Gozag.
  2637 | D:4      | Found a snail-covered altar of Cheibriados.
  2709 | D:4      | Reached skill level 6 in Slings
  2709 | D:4      | Gained mutation: You have a pair of small antennae on your head. [demonic ancestry]
  2709 | D:4      | Reached XP level 5. HP: 33/38 MP: 5/5
  2802 | D:4      | Found a sand-covered staircase.
  2810 | Ossuary  | Entered an ossuary
  2826 | Ossuary  | Slain by a mummy

Skill      XL: |  1  2  3  4 |
---------------+-------------+-----
Slings         | 4 5 6 |  6.2
Fighting       | |  2.0
Dodging        | |  1.7
Stealth        | |  0.8

Action                   |  1- 3 |  4- 6 || total
-------------------------+-------+-------++-------
 Fire: Hunting sling     |   137 |    80 ||   217
  Use: Scroll            |       |     7 ||     7
       Potion            |       |     4 ||     4
  Eat: Chunk             |     1 |     3 ||     4
Armor: Leather armour    |     5 |       ||     5
Dodge: Dodged            |    21 |    19 ||    40
Block: Shield            |       |    11 ||    11
